 Dungeon Crawl Stone Soup version 0.31-a0-23-gcbde74481b (webtiles) character file.

Game seed: 1221237549322751921

47154 BlueFish the Zephyrmancer (level 14, -4/115 (118) HPs)
             Began as a Black Draconian Delver on May 13, 2023.
             Was a High Priest of Qazlal.
             Slain by an orc warrior
             ... wielding a +0 dire flail
              (17 damage)
             ... on level 1 of the Orcish Mines.
             The game lasted 00:55:53 (22884 turns).

BlueFish the Zephyrmancer (Black Draconian Delver) Turns: 22884, Time: 00:55:53

HP:   -4/115 (118)  AC: 15    Str: 14    XL:     14   Next: 7%
MP:   18/23         EV: 17    Int: 14    God:    Qazlal [*****.]
Gold: 995           SH: 13    Dex: 21    Spells: 14/26 levels left

rFire   + . .        G - +6 falchion (protect)
rCold   + . .        Z - +0 buckler
rNeg    . . .        (body armour unavailable)
rPois   .            Q - +2 hat {SInv}
rElec   +            W - scarf {rC+ rF+}
rCorr   .            V - +1 pair of gloves
SInv    +            (no boots)
Will    +....        x - amulet of faith
Stlth   ++           j - ring of wizardry
HPRegen 0.39/turn    D - +6 ring of dexterity
MPRegen 0.18/turn

%: repel missiles, faith, wizardry (x1)
@: short of breath, protected from physical damage, flying, lightly drained
A: breathe lightning, AC +8, unfitting armour, big wings, electricity
resistance, cold-blooded
a: Breathe Lightning, Renounce Religion, Upheaval, Elemental Force, Disaster
Area


You were on level 1 of the Orcish Mines.
You worshipped Qazlal.
Qazlal was extremely pleased with you.
You visited 4 branches of the dungeon, and saw 19 of its levels.
You also visited: Ossuary.

You collected 1325 gold pieces.
You spent 330 gold pieces at shops.

Inventory:

Hand Weapons
 G - a +6 falchion of protection (weapon)
Missiles
 L - 5 throwing nets (quivered)
Armour
 Q - a +2 hat of see invisible (worn)
 S - a +0 kite shield
 V - a +1 pair of gloves (worn)
 W - a scarf of resistance (worn)
 Z - a +0 buckler (worn)
Jewellery
 a - a +4 ring of slaying
 j - a ring of wizardry (left hand)
 o - a ring of magical power
 t - a ring of positive energy
 x - an amulet of faith (around neck)
 D - a +6 ring of dexterity (right hand)
 F - a ring of wizardry
 I - a ring of see invisible
 R - a ring of fire
 X - a ring of resist corrosion
Wands
 h - a wand of light (13)
 y - a wand of roots (17)
 A - a wand of charming (11)
 B - a wand of mindburst (52)
 H - a wand of flame (47)
Scrolls
 b - 5 scrolls of fog
 c - 2 scrolls of magic mapping
 d - 6 scrolls of fear
 e - 11 scrolls of teleportation
 g - 6 scrolls of blinking
 i - a scroll of butterflies
 k - 2 scrolls of silence
 l - 3 scrolls of vulnerability
 m - a scroll of noise
 n - 4 scrolls of amnesia
 p - a scroll of immolation
 r - 2 scrolls of poison
 u - a scroll of brand weapon
 w - 3 scrolls of enchant weapon
 P - a scroll of torment
 T - a scroll of enchant armour
 Y - 3 scrolls of identify
Potions
 f - 4 potions of flight
 q - 7 potions of curing
 s - 5 potions of brilliance
 v - 2 potions of haste
 z - 3 potions of mutation
 C - 2 potions of heal wounds
 E - 4 potions of attraction
 J - 3 potions of berserk rage
 K - 2 potions of invisibility
 M - 2 potions of might
 N - 2 potions of cancellation
 O - 2 potions of ambrosia
 U - a potion of magic


   Skills:
 + Level 9.6 Fighting
 - Level 4.8(6.5) Short Blades
 + Level 6.7(7.5) Long Blades
 + Level 7.6 Dodging
 + Level 9.4 Stealth
 * Level 4.0 Shields
 + Level 6.5 Spellcasting
 + Level 7.0 Conjurations
 + Level 7.1 Ice Magic
 + Level 11.5 Air Magic
 + Level 6.4 Invocations
 + Level 8.1 Evocations


You had 14 spell levels left.
You knew the following spells:

 Your Spells              Type           Power      Damage    Failure   Level
a - Freezing Cloud        Conj/Ice/Air   14%        6-21      6%          5
b - Airstrike             Air            18%        2d(3-19)  1%          4
c - Swiftness             Air            36%        N/A       1%          3

Your spell library contained the following spells:

 Spells                   Type           Power      Damage    Failure   Level
 Magic Dart               Conj           96%        1d7       1%          1
 Shock                    Conj/Air       100%       1d9       1%          1
 Poisonous Vapours        Pois/Air       40%        N/A       1%          2
 Searing Ray              Conj           48%        2d6       1%          2
 Ozocubu's Armour         Ice            24%        N/A       1%          3
 Cigotuvi's Dreadful Rot  Necr/Pois/Air  30%        N/A       2%          2
 Dazzling Flash           Conj/Hex       28%        N/A       6%          3
 Necrotise                Necr           16%        1d4       9%          1
 Sting                    Tmut/Pois      16%        1d3       9%          1
 Sublimation of Blood     Necr           4%         N/A       12%         2
 Wereblood                Tmut           4%         N/A       12%         2
 Fulminant Prism          Conj/Hex       7%         3d7       17%         4
 Iskenderun's Mystic Bla  Conj/Tloc      14%        2d5       17%         4
 Silence                  Hex/Air        10%        N/A       21%         5
 Ignite Poison            Fire/Tmut/Pois 4%         N/A       24%         3
 Portal Projectile        Hex/Tloc       8%         N/A       24%         3
 Tukima's Dance           Hex            4%         N/A       24%         3
 Metabolic Englaciation   Hex/Ice        7%         N/A       43%         5
 Animate Dead             Necr           4%         N/A       58%         4
 Olgreb's Toxic Radiance  Pois           4%         N/A       58%         4
 Agony                    Necr           4%         N/A       89%         5
 Alistair's Intoxication  Tmut/Pois      2%         N/A       89%         5
 Blade Hands              Tmut           2%         N/A       89%         5
 Borgnjor's Vile Clutch   Necr/Erth      2%         N/A       89%         5
 Summon Forest            Summ/Tloc      2%         N/A       89%         5
 Simulacrum               Ice/Necr       7%         N/A       93%         6
 Eringya's Noxious Bog    Tmut/Pois      2%         N/A       100%        6
 Haunt                    Necr/Summ      2%         N/A       100%        7
 Malign Gateway           Summ/Tloc      2%         N/A       100%        7
 Summon Hydra             Summ           2%         N/A       100%        7
 Infestation              Necr           2%         N/A       100%        8
 Summon Horrible Things   Summ           2%         N/A       100%        8


Dungeon Overview and Level Annotations

Branches:
Dungeon (11/15)            Temple (1/1) D:6            Lair (5/5) D:8
  Swamp (0/4) Lair:3       Spider (0/4) Lair:2        Slime (0/5) Lair:5
    Orc (2/2) D:10        Ossuary (visited)
    Elf: Orc:2

Altars:
Ashenzari
Cheibriados
Dithmenos
Elyvilon
Fedhas
Gozag
Hepliaklqana
Kikubaaqudgha
Makhleb
Nemelex Xobeh
Okawaru
Qazlal
Ru
Sif Muna
Trog
Uskayaw
Vehumet
Wu Jian
Xom
Yredelemnul
Zin
The Shining One
Jiyva

Shops:
D:1 :   D:5 ((:   D:6 [([(:   D:7 [   D:9 *   Orc:2 (

Annotations:
D:3 2 runed translucent doors, patfeehan111222's ghost, amateur DsBe
D:10 2 transporters
Orc:2 Azrael; Nessos


Innate Abilities, Weirdness & Mutations

You can breathe wild blasts of lightning.
Your glossy black scales are hard. (AC +8)
You cannot fit into any form of body armour.
Your large and strong wings let you fly.
You are resistant to electric shocks. (rElec)
You are cold-blooded and may be slowed by cold attacks.


Message History

You hear a shout!
The fire elemental sizzles in the rain.
The orc warrior hits you with a +0 battleaxe.
The orc warrior closely misses you. The orc warrior barely misses you.
The orc warrior is engulfed in blazing flames.
The orc warrior misses you.
The orc high priest mumbles some strange prayers to Beogh.
The orc is engulfed in freezing vapours.
You kill the orc!
Qazlal accepts your kill. You block the orc warrior's attack.
You block the orc knight's attack. The orc warrior misses you.
The orc knight hits you with a +0 great sword!
* * * LOW HITPOINT WARNING * * *
The orc high priest mumbles some strange prayers to Beogh.
The orc warrior is engulfed in a thunderstorm.
You kill the orc warrior!
Qazlal accepts your kill.
The orange demon is engulfed in freezing vapours.
The orange demon barely misses you.
You fly upwards.
There is a stone staircase leading down, spattered with blood here.
Things that are here:
a +0 robe; a +0 dagger
Casting: Freezing Cloud (dangerous; 6% risk of failure)
Confirm with . or Enter, or press ? or * to list all spells.
Aiming: Freezing Cloud (dangerous; 6% risk of failure)
Press: ? - help, Dir - move target, f - you The orc warrior is engulfed in freezing vapours.
You block the orc warrior's attack.
The orc warrior is engulfed in freezing vapours.
The orc warrior hits you with a +0 battleaxe!
* * * LOW HITPOINT WARNING * * *
The orc knight is engulfed in freezing vapours.
You block the orc knight's attack. You block the orc warrior's attack.
The orc warrior is engulfed in freezing vapours.
You block the orc warrior's attack. The orc warrior barely misses you.
The orc warrior is engulfed in blazing flames.
The orc warrior hits you with a +0 dire flail!
You die...

##.## ### #...## ###
###.##### ####.#.##
##.###....##.###.##....##
#...#.....#...#.........#
##...........##........##
##...........#§§.......#
###..)......§ooo.....##
#...).....☼§@o○....##
###.........ooo[...#.###
##.#.........[§#........##
#...................#....#
##................###...##
###..........#...####.##
###.......#...###..##
#...#........##....#
##...##.##.........#


You could see an orc knight (strong) and 6 orc warriors.

Vanquished Creatures
  Gastronok (D:9)
  An ettin (Orc:1)
  Harold (D:10)
  3 hydras
  A boulder beetle (D:11)
  A two-headed ogre (D:11)
  2 death yaks (D:8)
  Sonja (D:10)
  A skyshark (Lair:5)
  An orc sorcerer (Orc:1)
  2 manticores (D:11)
  8 elephants
  A black mamba (Lair:1)
  Maurice (D:10)
  7 cane toads
  An unseen horror (D:11)
  Psyche (D:10)
  11 komodo dragons
  A rime drake (Lair:5)
  A kobold demonologist (D:10)
  2 trolls (D:11)
  6 hornets
  3 polar bears
  A tyrant leech (Lair:3)
  21 blink frogs
  8 dream sheep
  Sigmund (D:5)
  2 jumping spiders (Lair:2)
  13 spriggans (Lair:5)
  4 culicivoras (Lair:2)
  A vampire (D:11)
  2 wraiths
  6 wyverns
  27 yaks
  4 basilisks
  4 steam dragons (D:8)
  Menkaure (D:4)
  A warg (Orc:1)
  2 acid dragons (D:9)
  20 water moccasins
  7 black bears
  13 orc warriors
  A sky beast (D:8)
  3 ice beasts
  An ogre (Orc:1)
  4 boggarts (Lair:5)
  A centaur (D:9)
  24 wolves
  A phantom (D:4)
  An elf zombie (D:8)
  3 kobold brigands
  17 bullfrogs
  An elf skeleton (D:8)
  2 scorpions
  4 wights
  11 killer bees
  3 howler monkeys (D:10)
  5 electric eels
  5 centaur zombies (Ossuary)
  7 hounds
  6 orc priests
  2 gnoll boudas
  2 human zombies (D:8)
  A jelly (D:8)
  4 sleepcaps
  8 iguanas
  Terence (D:2)
  8 hell rats
  Natasha (thrice) (D:3)
  12 orc wizards
  A human skeleton (D:8)
  6 mummies (Ossuary)
  12 gnolls
  8 adders
  20 river rats (D:6)
  2 white imps
  An ufetubus (D:7)
  2 worms
  5 dart slugs
  51 orcs
  10 ball pythons
  4 bats
  4 endoplasms
  3 giant cockroaches
  8 goblins
  7 hobgoblins
  7 jackals
  3 quokkas
  3 frilled lizards (D:1)
  3 hobgoblin zombies (Ossuary)
  12 kobolds
  An orc zombie (D:8)
  3 rats (D:1)
513 creatures vanquished.

Notes
Turn   | Place    | Note
-------+----------+-------------------------------------------
     0 | D:5      | BlueFish the Draconian Delver began the quest for the Orb.
     0 | D:5      | Reached XP level 1. HP: 19/19 MP: 1/1
    32 | D:4      | Noticed an iguana
    39 | D:4      | Noticed a hound
    39 | D:4      | Noticed an orc wizard
    64 | D:4      | Reached XP level 2. HP: 13/26 MP: 2/2
   522 | D:1      | Reached skill level 1 in Evocations
   522 | D:1      | Reached XP level 3. HP: 31/31 MP: 3/3
   681 | D:1      | Found Hora's Book Emporium.
  1233 | D:2      | Found a faded altar of an unknown god.
  1244 | D:2      | Reached XP level 4. HP: 40/40 MP: 4/4
  1526 | D:2      | Noticed Terence
  1538 | D:2      | Killed Terence
  1539 | D:2      | Reached skill level 5 in Stealth
  1839 | D:3      | Noticed Natasha
  1848 | D:3      | Killed Natasha
  1849 | D:3      | Reached XP level 5. HP: 40/46 MP: 5/5
  2043 | D:3      | Identified the +0 robe of the Eternal Void {rElec rF+
                  | Str+3}
  2143 | D:3      | Noticed Natasha
  2150 | D:3      | Killed Natasha
  2178 | D:3      | Found a large runed translucent door.
  2178 | D:3      | Found a large runed translucent door.
  2179 | D:3      | Noticed patfeehan111222's ghost (amateur DsBe)
  2325 | D:3      | Noticed Natasha
  2334 | D:3      | Killed Natasha
  2689 | D:4      | Noticed Menkaure
  2691 | D:4      | Killed Menkaure
  2692 | D:4      | Reached XP level 6. HP: 53/53 MP: 6/6
  2809 | D:4      | Your scales start taking on a glossy black colour.
  2809 | D:4      | Reached XP level 7. HP: 44/60 MP: 7/7
  2809 | D:4      | Gained mutation: You are resistant to electric shocks.
                  | (rElec) [Black Draconian growth]
  2906 | D:4      | Reached skill level 5 in Fighting
  3410 | D:4      | Got the Volume of Thunder and the Door
  3417 | D:4      | Learned a level 5 spell: Freezing Cloud
  3806 | D:5      | Reached skill level 1 in Air Magic
  4096 | D:5      | Reached XP level 8. HP: 69/69 MP: 8/8
  4268 | D:5      | Found Hiesak's Weapon Boutique.
  4296 | D:5      | Reached skill level 1 in Ice Magic
  4296 | D:5      | Reached skill level 2 in Air Magic
  4323 | D:5      | Found Reopt's Weapon Boutique.
  4357 | D:5      | Reached skill level 1 in Spellcasting
  4363 | D:5      | Reached skill level 1 in Conjurations
  4433 | D:5      | Found Gur Luaf's Tremendous Tomes.
  4583 | D:5      | Noticed Sigmund
  4590 | D:5      | Killed Sigmund
  4709 | D:6      | Found Xyucaeh's Weapon Emporium.
  4710 | D:6      | Found a staircase to the Ecumenical Temple.
  4719 | D:6      | Reached skill level 3 in Air Magic
  4724 | Temple   | Entered the Ecumenical Temple
  4724 | Temple   | Found a transporter.
  4724 | Temple   | Found a transporter.
  4726 | Temple   | Found a transporter.
  4726 | Temple   | Found a transporter.
  4775 | D:6      | Found Rompirch's Book Shoppe.
  4950 | D:6      | Found Qikhlaho's Antique Armour Emporium.
  4960 | D:6      | Found Reviwaez's Armour Shop.
  5239 | D:6      | Reached skill level 4 in Air Magic
  5243 | D:6      | Reached XP level 9. HP: 24/75 MP: 10/12
  5458 | D:6      | Found Pupsoj's Antique Weapon Boutique.
  5992 | D:6      | Found the +2 ratskin cloak {*Rats rPois rN+ Str-1 Int-1
                  | Dex+1}
  6334 | D:7      | Reached skill level 1 in Long Blades
  6701 | D:7      | Reached skill level 5 in Air Magic
  7517 | D:7      | Found a broken altar of Ashenzari.
  7635 | D:7      | Found Lityt's Antique Armour Emporium.
  7908 | D:8      | Found a sand-covered staircase.
  7914 | Ossuary  | Entered an ossuary
  7944 | Ossuary  | Reached skill level 5 in Dodging
  8199 | D:8      | Reached skill level 6 in Air Magic
  8236 | D:8      | Reached skill level 5 in Evocations
  8248 | D:8      | Reached XP level 10. HP: 80/84 MP: 14/14
  8972 | D:6      | Bought a book of Air for 330 gold pieces
  8977 | D:6      | Learned a level 4 spell: Airstrike
  8981 | D:6      | Learned a level 3 spell: Swiftness
  9141 | D:8      | Found a staircase to the Lair.
  9298 | D:8      | Found a white marble altar of Elyvilon.
  9300 | D:8      | Found a hazy altar of Hepliaklqana.
  9301 | D:8      | Found an opulent altar of Gozag.
  9312 | D:8      | Found a burning altar of Makhleb.
  9313 | D:8      | Found an iron altar of Okawaru.
  9314 | D:8      | Found a shadowy altar of Dithmenos.
  9316 | D:8      | Found a stormy altar of Qazlal.
  9319 | D:8      | Found an ornate altar of the Wu Jian Council.
  9320 | D:8      | Found a bloodstained altar of Trog.
  9326 | D:8      | Became a worshipper of Qazlal Stormbringer
  9339 | D:8      | Noticed a death yak
  9341 | D:8      | Noticed a death yak
  9344 | D:8      | Noticed a death yak
  9345 | D:8      | Noticed a death yak
  9571 | D:8      | Noticed a death yak
  9572 | D:8      | Noticed a death yak
  9609 | D:8      | Killed a death yak
  9833 | D:8      | Noticed a death yak
  9973 | D:8      | Noticed a death yak
  9976 | D:8      | Noticed a death yak
  9999 | D:8      | Killed a death yak
 10000 | D:8      | Reached skill level 7 in Air Magic
 10000 | D:8      | Reached skill level 1 in Invocations
 10397 | D:8      | Found a radiant altar of Vehumet.
 10401 | D:8      | Found an ancient bone altar of Kikubaaqudgha.
 10402 | D:8      | Found a shimmering blue altar of Sif Muna.
 10408 | D:8      | Got Kikubaaqudgha's Meditations on Abhorrent Deeds
 10458 | D:9      | Noticed Gastronok
 10466 | D:9      | Killed Gastronok
 10750 | D:9      | Reached XP level 11. HP: 87/92 MP: 9/17
 11218 | D:9      | Reached * piety under Qazlal
 11346 | D:9      | Found Boigaa Panug's Assorted Antiques.
 11616 | D:10     | Entered Level 10 of the Dungeon
 11627 | D:10     | Noticed Harold
 11629 | D:10     | Noticed a wolf spider
 11695 | D:10     | Noticed a glowing orange brain
 11696 | D:10     | Noticed a four-headed hydra
 11700 | D:10     | Noticed a purple ugly thing
 11703 | D:10     | Reached skill level 8 in Air Magic
 11727 | D:10     | Found a transporter.
 11732 | D:10     | Killed Harold
 11828 | D:10     | Noticed an angel
 11829 | D:10     | Found a glowing silver altar of Zin.
 11830 | D:10     | Found a shimmering altar of Xom.
 11916 | D:10     | Found a transporter.
 12036 | D:10     | Noticed Psyche
 12041 | D:10     | Killed Psyche
 12102 | D:10     | Noticed Maurice
 12113 | D:10     | Killed Maurice
 12245 | D:10     | Noticed Sonja
 12261 | D:10     | Killed Sonja
 12262 | D:10     | Reached skill level 5 in Ice Magic
 12283 | D:10     | Reached skill level 5 in Conjurations
 12870 | D:10     | Reached ** piety under Qazlal
 13207 | D:10     | Found a staircase to the Orcish Mines.
 13437 | D:11     | Reached skill level 9 in Air Magic
 14079 | D:11     | Noticed a boulder beetle
 14097 | D:11     | Killed a boulder beetle
 14098 | D:11     | Reached XP level 12. HP: 64/101 MP: 3/19
 14389 | D:11     | Noticed a two-headed ogre
 14395 | D:11     | Killed a two-headed ogre
 14505 | Lair:1   | Entered Level 1 of the Lair of Beasts
 14514 | Lair:1   | Reached skill level 5 in Spellcasting
 14514 | Lair:1   | Reached *** piety under Qazlal
 14517 | Lair:1   | Reached skill level 5 in Long Blades
 15264 | Lair:1   | Identified the +5 trident "Hell-Harrower" {speed, rPois rC-
                  | Str+4 Stlth+}
 15791 | Lair:2   | Reached skill level 10 in Air Magic
 15958 | Lair:2   | Reached **** piety under Qazlal
 16364 | Lair:2   | You fall into a shaft and drop 2 floors!
 16373 | Lair:3   | Noticed a seven-headed hydra
 16377 | Lair:3   | Killed a seven-headed hydra
 16589 | Lair:3   | Reached skill level 5 in Invocations
 16890 | Lair:2   | Noticed a five-headed hydra
 16896 | Lair:2   | Killed a five-headed hydra
 17100 | Lair:2   | Found a hole to the Spider Nest.
 17461 | Lair:3   | Reached XP level 13. HP: 91/110 MP: 4/21
 17950 | Lair:3   | Found a staircase to the Swamp.
 17987 | Lair:3   | Reached skill level 11 in Air Magic
 18969 | Lair:4   | Reached ***** piety under Qazlal
 19658 | Lair:5   | Entered Level 5 of the Lair of Beasts
 19671 | Lair:5   | Reached skill level 1 in Shields
 21177 | Lair:5   | Found a viscous altar of Jiyva.
 21178 | Lair:5   | Found a staircase to the Slime Pits.
 21589 | Lair:5   | Identified the +4 lajatang of Gipouwuc {venom, Contam Str+4
                  | Stlth+}
 21806 | Lair:5   | Gained mutation: Your large and strong wings let you fly.
                  | [Black Draconian growth]
 21806 | Lair:5   | Reached XP level 14. HP: 95/118 MP: 4/23
 22205 | Orc:1    | Entered Level 1 of the Orcish Mines
 22388 | Orc:2    | Entered Level 2 of the Orcish Mines
 22388 | Orc:2    | Noticed Nessos
 22388 | Orc:2    | Found Caythref's Antique Weapon Shop.
 22391 | Orc:2    | Noticed Azrael
 22391 | Orc:2    | Noticed an orc warlord
 22884 | Orc:1    | Slain by an orc warrior

Illustrated notes

Levels and vault maps discovered:
D:1:      dpeg_arrival_round_c, layout_basic, serial_shops, shop,
          hangedman_abyss_or_decor_stabs
D:2:      layout_loops_ring, nicolae_ecumenical_snake_handling, uniq_terence
D:3:      layout_loops_corners, ebering_ghost_disaster_area, uniq_natasha
D:4:      layout_loops_ring, uniq_menkaure
D:5:      layout_rooms, serial_shops, shop, nicolae_shop_crystal,
          nicolae_shop_i_like_big_books, uniq_sigmund
D:6:      wander_guarded_unrand_ratskin, layout_gridville,
          minmay_temple_entry_stoned_glass, serial_shops,
          nicolae_shop_tiny_real_fake_doors, nicolae_diamond_shop, shop, shop,
          shop, minmay_chambers_of_fives
D:7:      layout_basic, ashenzari_conservatory_becter, serial_shops,
          kennysheep_little_box, nrook_pool_corridor
D:8:      layout_cave_pools, grunt_temple_overflow_magic_moments,
          nicolae_overflow_hallway_of_the_gods, dpeg_lair_monsters,
          nicolae_ossuary_entry_catacombs
D:9:      layout_roguey, serial_shops, nicolae_shop_tiny_real_fake_doors,
          uniq_gastronok
D:10:     gammafunk_sealed_arena, layout_basic,
          grunt_temple_overflow_order_and_chaos_1, david_orc_4, uniq_psyche,
          uniq_harold, uniq_sonja, uniq_maurice
D:11:     layout_rooms, kennysheep_cross_room, grunt_ogre_cave
Temple:   hellmonk_temple_divided_pantheon
Lair:1:   layout_cellular_growth, patterned_corridor, lemuel_fruit_tree
Lair:2:   layout_regular_city, nicolae_spider_entry_tight_spaces, minivault_23
Lair:3:   layout_regular_city, minmay_swamp_entry_worms, disabler_island
Lair:4:   layout_long_grid, chequers_serial_rivers_micro_b
Lair:5:   minmay_lair_end_enchanted_forest, layout_regular_city, slime_entry_1
Orc:1:    layout_caves
Orc:2:    grunt_orc_gardens, layout_caves, grunt_orc_garden, grunt_orc_garden,
          grunt_orc_garden, grunt_orc_garden, serial_shops, shop_statue,
          uniq_azrael, uniq_nessos

Skill      XL: |  1  2  3  4  5  6  7  8  9 10 11 12 13 14 |
---------------+-------------------------------------------+-----
Dodging        | 2 3 4 5 6 7 |  7.6
Evocations     | 1 2 3 4 5 6 7 8 |  8.1
Fighting       | 4 5 6 7 8 9 |  9.6
Stealth        | 5 6 7 8 9 |  9.4
Short Blades   | 3 4 |  4.8
Air Magic      | 1 4 6 7 9 10 11 | 11.5
Ice Magic      | 2 3 4 5 6 7 |  7.1
Spellcasting   | 2 3 4 5 6 |  6.5
Conjurations   | 2 3 4 5 6 7 |  7.0
Long Blades    | 2 3 4 5 6 |  6.7
Invocations    | 2 3 5 6 |  6.4
Shields        | 3 4 |  4.0

Action                     |  1- 3 |  4- 6 |  7- 9 | 10-12 | 13-15 || total
---------------------------+-------+-------+-------+-------+-------++-------
  Melee: Short sword       |    77 |       |       |       |       ||    77
         Tailslap          |     7 |    20 |    80 |    74 |    41 ||   222
         Dagger            |    19 |   110 |   241 |       |       ||   370
         Punch             |       |     1 |    10 |     4 |       ||    15
         Falchion          |       |       |   277 |   332 |   217 ||   826
   Cast: Freezing Cloud    |       |       |       |   101 |    72 ||   173
         Airstrike         |       |       |       |     7 |     3 ||    10
         Swiftness         |       |       |       |     3 |       ||     3
 Invoke: Upheaval          |       |       |       |     1 |     1 ||     2
         Elemental Force   |       |       |       |       |     1 ||     1
Ability: Breathe Lightning |       |       |     8 |     7 |     4 ||    19
  Evoke: Wand              |     5 |       |       |     2 |       ||     7
    Use: Potion            |     1 |       |     3 |     1 |     2 ||     7
         Scroll            |       |       |    14 |    11 |     1 ||    26
   Stab: Sleeping          |    11 |     8 |    25 |     1 |       ||    45
         Distracted        |       |       |     3 |       |       ||     3
 Armour: Skin              |    28 |    18 |   115 |    94 |    73 ||   328
  Dodge: Dodged            |    69 |    51 |   370 |   259 |   136 ||   885
         Repelled          |       |       |       |     2 |     1 ||     3
  Block: Other             |       |       |       |    32 |     2 ||    34
         Buckler           |       |       |       |       |   137 ||   137

Table legend: (Time is in decaauts)
 A = Elapsed time spent in this place.
 B = Non-inter-level travel time spent in this place.
 C = Inter-level travel time spent in this place.
 D = Time resting spent in this place.
 E = Time spent auto-exploring this place.
 F = Levels seen in this place.
 G = Mean time per level.
                   A        B        C        D        E       F      G
               +--------+--------+--------+--------+--------+-----+--------+
         Total |  22869 |  21824 |   1045 |   1534 |  15382 |  20 | 1143.4 |
       Dungeon |  14365 |  13604 |    761 |   1038 |   8978 |  11 | 1305.9 |
        Temple |     47 |     47 |      0 |      0 |      0 |   1 |   47.0 |
          Lair |   7544 |   7261 |    283 |    121 |   6099 |   5 | 1508.8 |
  Orcish Mines |    660 |    660 |      0 |    375 |    154 |   2 |  330.0 |
       Ossuary |    251 |    251 |      0 |      0 |    150 |   1 |  251.0 |
               +--------+--------+--------+--------+--------+-----+--------+

Top non-repeatable levels by time:
  Lair:5: 2239 daAuts
     D:8: 2083 daAuts
     D:7: 1911 daAuts
    D:10: 1822 daAuts
     D:6: 1628 daAuts
  Lair:3: 1539 daAuts
     D:4: 1468 daAuts
  Lair:2: 1392 daAuts
  Lair:4: 1252 daAuts
     D:3: 1183 daAuts
     D:9: 1168 daAuts
  Lair:1: 1120 daAuts
    D:11: 1098 daAuts
     D:1: 737 daAuts
     D:5: 676 daAuts
